 Dungeon Crawl Stone Soup version 0.21.1-1-g345015fe64 (webtiles) character file.

112 Htamos the Chiller (level 4, -3/30 HPs)
             Began as a Barachi Ice Elementalist on July 16, 2018.
             Slain by an orc (5 damage)
             ... on level 2 of the Dungeon.
             The game lasted 00:05:39 (2373 turns).

Htamos the Chiller (Barachi Ice Elementalist)       Turns: 2373, Time: 00:05:40

Health: -3/30      AC:  2    Str: 12    XL:     4   Next: 93%
Magic:  8/8        EV: 12    Int: 16    God:
Gold:   126        SH:  0    Dex: 12    Spells: 6/9 levels left

rFire    . . .     SeeInvis .   d - +2 short sword (venom)
rCold    . . .     Gourm    .   (no shield)
rNeg     . . .     Faith    .   a - +0 robe
rPois    +         Spirit   .   (no helmet)
rElec    +         Reflect  .   (no cloak)
rCorr    .         Harm     .   (no gloves)
MR       .....                  (no boots)
Stlth    ++........             (no amulet)
HPRegen  0.10/turn              k - +2 ring of strength
MPRegen  0.11/turn              (no ring)

@: slowed, very slow
A: +LOS, swims, poison resistance, electricity resistance, slowness 1, strong
legs 1
a: Hop


You were on level 2 of the Dungeon.
You were near starving.

You visited 1 branch of the dungeon, and saw 3 of its levels.

You collected 126 gold pieces.

Inventory:

Hand Weapons
 d - a +2 short sword of venom (weapon)
 e - a +0 hunting sling
 i - a +0 dagger
 m - a +0 whip of pain
Missiles
 f - 34 stones (quivered)
 g - 27 sling bullets
Armour
 a - a +0 robe (worn)
Jewellery
 k - a +2 ring of strength (left hand)
Scrolls
 j - a scroll of noise {unknown}
Potions
 l - a potion of flight {unknown}
 n - a potion of curing {unknown}
 o - 2 potions of ambrosia {unknown}
 p - a potion of haste {unknown}
Books
 b - a book of Frost

   Spells                             Type                      Level
   a - Freeze                         Ice                          1
   b - Throw Frost                    Conjuration/Ice              2
   c - Ozocubu's Armour               Charms/Ice                   3
   d - Throw Icicle                   Conjuration/Ice              4
   e - Summon Ice Beast               Ice/Summoning                4
Comestibles
 c - 10 rations


   Skills:
 * Level 1.8 Short Blades
 - Level 2.1 Dodging
 - Level 1.7 Stealth
 + Level 3.2 Spellcasting
 - Level 1.1 Conjurations
 + Level 5.4 Ice Magic


You had 6 spell levels left.
You knew the following spells:

 Your Spells              Type           Power        Failure   Level  Hunger
a - Freeze                Ice            ###.         1%          1    None
b - Throw Frost           Conj/Ice       ##....       8%          2    ##.....


Dungeon Overview and Level Annotations

Branches:
Dungeon (3/15)

Altars:


Innate Abilities, Weirdness & Mutations

Shadows flee at your approach. (+LOS)
You can swim through water.
You cover ground slowly.
You can hop short distances.
Your system is resistant to poisons. (rPois)
You are resistant to electric shocks. (rElec)


Message History

The orc hits you.
* * * LOW HITPOINT WARNING * * *
There is a stone staircase leading up here.
Okay, then.
The orc wizard hits you but does no damage.
The ooze hits you but does no damage. The orc barely misses you.
The orc wizard hits you with a dagger.
* * * LOW HITPOINT WARNING * * *
The ooze barely misses you.
You climb upwards.
There is a stone staircase leading down here.
As you read the scroll labeled YGOGEN WALIG, it crumbles to dust.
It is a scroll of amnesia.
Okay, then.
The orc wizard hits you with a dagger.
* * * LOW HITPOINT WARNING * * *
The orc hits you but does no damage. The ooze closely misses you.
The orc wizard hits you but does no damage.
The orc hits you.
You die...

.# #..........#.# #.##.##### )#
##.........#.# #.##.### )#
#.#######.#.# #......# .### #.#
#...# #....#.# ...# #.# #...#
######.###.# ...###.# #...#
#......# #.#
...#...#######..)###.###### #.#
.....)..........Jo...# #.#
..)...########..@############.###
......#........#o#.......).......
....#.#####.####.#.##########.###
....#.### #.#....#'##########.#..
....#...# #.#.##...........##.#.#
....###.# #.#.##...........##....
...##...###.#.#............####.#
...##.#...#.#.#............# #.#
#####.#.#.#.#.#............# #.#


You could see an orc wizard, an ooze and an orc.

Vanquished Creatures
  Robin (D:2)
  A gnoll (D:1)
  An adder (D:2)
  2 oozes (D:1)
  2 dart slugs
  3 leopard geckos (D:1)
  A ball python (D:1)
  6 bats
  2 giant cockroaches
  10 goblins (D:2)
  12 hobgoblins
  6 jackals (D:1)
  A frilled lizard (D:2)
  6 kobolds
  7 rats
61 creatures vanquished.

Notes
Turn   | Place    | Note
-------+----------+-------------------------------------------
     0 | D:1      | Htamos the Barachi Ice Elementalist began the quest for the Orb.
     0 | D:1      | Reached XP level 1. HP: 13/13 MP: 3/3
    95 | D:1      | Reached skill level 4 in Ice Magic
    95 | D:1      | Reached XP level 2. HP: 14/19 MP: 1/5
   444 | D:1      | Reached XP level 3. HP: 18/24 MP: 1/7
   452 | D:1      | Learned a level 2 spell: Throw Frost
  1241 | D:1      | Reached skill level 5 in Ice Magic
  1472 | D:2      | Reached XP level 4. HP: 30/30 MP: 8/8
  1563 | D:2      | Noticed Robin
  1572 | D:2      | Reached skill level 1 in Short Blades
  1573 | D:2      | Gained mutation: Your system is resistant to poisons. (rPois) [potion of mutation]
  1573 | D:2      | Gained mutation: You are resistant to electric shocks. (rElec) [potion of mutation]
  1585 | D:2      | Killed Robin
  2373 | D:2      | Slain by an orc

Skill      XL: |  1  2  3  4 |
---------------+-------------+-----
Ice Magic      | 4 5 |  5.4
Spellcasting   | 3 |  3.2
Short Blades   | 1 |  1.8
Dodging        | |  2.1
Stealth        | |  1.7
Conjurations   | |  1.1

Action                   |  1- 3 |  4- 6 || total
-------------------------+-------+-------++-------
Melee: Unarmed           |    23 |       ||    23
       Short sword       |     3 |    43 ||    46
       Dagger            |     2 |       ||     2
 Cast: Freeze            |    44 |     9 ||    53
       Throw Frost       |     2 |       ||     2
 Abil: Hop               |     1 |     1 ||     2
  Use: Potion            |       |     3 ||     3
       Scroll            |       |     2 ||     2
 Stab: Sleeping          |       |     2 ||     2
  Eat: Chunk             |     2 |     2 ||     4
Armor: Robe              |    11 |     8 ||    19
Dodge: Dodged            |    44 |    35 ||    79
